Map: Pillars of Gold LE

Players

sawyerCity

  • Race: Terran Terran
  • League: Platinum
  • Spawn Location: 7:00

ViBE - Winner!

  • Race: Terran Terran
  • League: Gold
  • Spawn Location: 1:00

VOD

Have the link to the VOD?

Description

Time

  • Played on: March 21, 2021, 9:29 p.m.
  • Length: 16:23
Show
View Real Time Build Order
Export as new Build Order

sawyerCity Terran 

Build Orders: Gas First Reaper Expand, Liberator Opening 

Get SALT Encoding   

  12  0:00  SCV  
  13  0:16  SCV  
  14  0:28  SCV, Supply Depot  
  15  0:33  Refinery  
  15  0:50  SCV  
  15  0:55  Barracks  
  16  1:02  SCV  
  17  1:14  SCV  
  18  1:30  SCV  
  19  1:45  Orbital Command  
  19  1:46  Reaper  
  20  1:51  Command Center  
  20  2:01  Factory  
  20  2:13  Refinery, SCV  
  21  2:19  Barracks Reactor  
  21  2:25  SCV  
  22  2:32  Supply Depot  
  22  2:38  SCV  
  23  2:53  Factory Tech Lab  
  23  2:56  Starport  
  23  2:58  Marine x2  
  24  3:03  SCV  
  24  3:04  Orbital Command  
  25  3:15  SCV, Siege Tank  
  25  3:19  Marine  
  30  3:27  SCV  
  30  3:30  Marine  
  32  3:35  SCV  
  32  3:37  Marine  
  32  3:39  SCV  
  35  3:44  Liberator  
  35  3:47  SCV  
  39  3:51  SCV  
  40  3:59  SCV  
  40  4:00  Marine x2  
  43  4:03  SCV  
  43  4:07  Supply Depot  
  44  4:11  SCV  
  44  4:15  SCV  
  46  4:28  SCV x2, Marine x2, Siege Tank  
  53  4:32  Bunker  
  53  4:42  SCV  
  54  4:59  SCV  
  54  5:13  Supply Depot  
  54  5:20  Barracks  
  54  5:21  Barracks  
  54  5:23  Command Center  
  54  5:33  Marine x2  
  54  5:35  SCV x2, Medivac, Siege Tank  
  59  5:47  SCV x2  
  61  5:51  Marine  
  62  5:57  Marine  
  57  6:04  SCV x2  
  57  6:08  Marine  
  57  6:10  Refinery  
  60  6:15  Marine  
  60  6:16  SCV  
  60  6:18  Barracks Tech Lab  
  62  6:20  Barracks Reactor  
  62  6:33  Supply Depot  
  62  6:34  SCV x2, Marine x2, Medivac, Siege Tank  
  71  6:40  Supply Depot  
  71  6:43  Stimpack  
  71  6:45  Orbital Command  
  71  6:47  SCV  
  72  6:52  Marine x2  
  72  6:54  Refinery, Marine  
  74  6:59  Supply Depot  
  74  7:00  Marine  
  74  7:01  Marine  
  77  7:02  SCV x2  
  77  7:03  Supply Depot  
  77  7:04  Medivac  
  81  7:10  Marine x2, Siege Tank  
  81  7:12  Marine  
  81  7:14  SCV x2  
  89  7:24  SCV  
  89  7:25  Marine x2  
  89  7:26  SCV  
  89  7:28  Marine x2  
  89  7:29  Marine  
  95  7:31  Supply Depot  
  95  7:32  Supply Depot  
  96  7:42  SCV x3  
  96  7:43  Marine x2  
  101  7:45  Marine x2  
  101  7:47  Marine  
  104  7:52  Siege Tank  
  104  7:54  SCV  
  104  7:55  Orbital Command  
  107  8:01  Marine x2  
  107  8:03  Marine x2  
  107  8:05  Marine  
  108  8:20  SCV x2  
  108  8:22  Marine x4  
  108  8:23  Marine  
  108  8:24  Siege Tank  
  115  8:39  Marine  
  115  8:40  Marine x3  
  115  8:41  Marine, Supply Depot  
  120  8:43  Command Center, Supply Depot  
  120  8:56  Barracks x2  
  120  8:57  Marine x2, Siege Tank  
  125  9:04  Factory  
  125  9:05  Factory  
  125  9:10  SCV x2  
  125  9:11  SCV  
  128  9:22  SCV x2  
  128  9:23  SCV  
  131  9:34  SCV  
  131  9:37  Marine  
  131  9:38  Marine x4  
  135  9:40  Siege Tank  
  135  9:41  Medivac  
  141  9:55  Marine x2  
  141  9:56  Marine x3  
  146  10:11  Liberator  
  146  10:12  Siege Tank  
  146  10:13  Marine x3  
  155  10:15  Marine  
  155  10:16  Marine  
  155  10:19  Factory Tech Lab  
  155  10:20  Factory Tech Lab  
  157  10:26  SCV x3  
  161  10:31  Marine  
  161  10:36  Marine x3  
  161  10:39  Supply Depot  
  161  10:41  Supply Depot  
  164  10:45  Engineering Bay  
  164  10:46  Engineering Bay  
  164  10:48  Armory  
  164  10:51  Armory  
  164  11:00  SCV x2, Marine x3, Siege Tank  
  164  11:03  Marine  
  165  11:19  Marine x4  
  165  11:21  Marine  
  168  11:26  Planetary Fortress  
  168  11:28  SCV x2  
  168  11:32  Siege Tank x3  
  176  11:37  Marine  
  180  11:42  Supply Depot  
  180  11:43  Supply Depot  
  180  12:03  Refinery, Barracks  
  180  12:04  Refinery, SCV x2, Marine x5  
  180  12:05  Medivac, Siege Tank x2  
  180  12:06  Barracks  
  180  12:08  Barracks  
  195  12:10  Refinery  
  195  12:11  Barracks  
  195  12:14  Barracks  
  195  12:15  Barracks  
  195  12:19  SCV  
  196  12:33  Marine  
  196  12:34  SCV, Marine  
  196  12:37  Marine x3, Siege Tank  
  183  12:46  SCV x2  
  181  12:53  Marine  
  181  12:59  Marine  
  181  13:00  Marine x2  
  181  13:01  Marine  
  171  13:10  Marine  
  127  13:17  Marine  
  127  13:18  Marine x2  
  110  13:25  Marine  
  110  13:26  SCV x2  
  105  13:31  Marine  
  104  13:35  Barracks Reactor x4, Marine  
  104  13:36  Marine  
  104  13:38  SCV x2  
  103  13:49  Marine  
  103  13:50  SCV x2  
  100  14:02  SCV x2  
  62  14:14  SCV  
  51  14:26  SCV, Marine x3  
  51  14:27  Marine x5  
  57  14:34  Factory  
  56  14:44  Command Center  
  35  15:17  Supply Depot x2  
  35  15:18  Supply Depot  
  35  15:19  Factory Tech Lab  
  35  15:23  Starport  
  35  15:28  Refinery  
  29  15:38  SCV, Marine x4  
Show
View Real Time Build Order
Export as new Build Order

ViBE Terran - Winner!

Build Orders:  

Get SALT Encoding   

  12  0:00  SCV  
  13  0:12  SCV  
  14  0:18  Supply Depot  
  14  0:25  SCV  
  15  0:40  SCV  
  15  0:41  Barracks  
  16  0:46  Refinery  
  16  0:52  SCV  
  17  1:04  SCV  
  18  1:16  SCV  
  19  1:29  Marine  
  19  1:31  Orbital Command  
  20  1:45  Command Center  
  20  1:50  Marine  
  21  1:55  Supply Depot  
  21  1:59  SCV  
  22  2:13  Factory  
  22  2:20  Barracks Reactor  
  22  2:21  SCV  
  23  2:33  SCV  
  24  2:45  SCV  
  25  2:56  Marine x2  
  25  2:57  SCV  
  28  3:00  Barracks  
  28  3:04  Factory Tech Lab  
  28  3:07  Refinery  
  28  3:08  Orbital Command  
  28  3:09  SCV  
  29  3:19  Marine x2  
  31  3:21  SCV  
  31  3:25  Siege Tank  
  35  3:31  Supply Depot  
  35  3:33  SCV  
  36  3:42  SCV  
  36  3:45  SCV, Marine  
  36  3:46  Marine  
  40  3:49  Starport  
  40  3:54  SCV  
  41  3:56  Barracks Tech Lab  
  41  3:59  SCV  
  42  4:06  SCV  
  43  4:10  Supply Depot  
  43  4:11  SCV  
  43  4:13  Siege Tank  
  47  4:18  SCV  
  47  4:23  SCV  
  49  4:26  Supply Depot  
  49  4:30  SCV  
  50  4:39  Supply Depot  
  50  4:41  SCV  
  50  4:42  SCV, Marine x2  
  50  4:43  Marine  
  55  4:49  Starport Reactor, Stimpack  
  54  4:53  SCV  
  54  4:56  SCV  
  56  5:05  SCV, Supply Depot  
  56  5:06  Supply Depot  
  57  5:07  Siege Tank  
  57  5:08  SCV, Marine x3  
  64  5:17  SCV  
  64  5:19  Supply Depot  
  64  5:20  SCV  
  64  5:21  Supply Depot  
  66  5:29  SCV  
  66  5:32  SCV  
  66  5:34  Marine x2  
  66  5:35  Marine  
  71  5:41  SCV  
  70  5:44  SCV  
  71  5:51  Medivac x2  
  71  5:52  Marine x3  
  71  5:53  SCV  
  71  5:55  Command Center  
  71  5:56  SCV  
  78  5:57  Refinery  
  78  5:58  Refinery  
  78  6:00  Engineering Bay  
  77  6:06  SCV  
  77  6:08  SCV  
  77  6:10  Refinery  
  79  6:18  SCV  
  80  6:19  Supply Depot x2  
  80  6:20  SCV, Supply Depot  
  80  6:23  Supply Depot  
  81  6:28  Engineering Bay, Terran Infantry Weapons Level 1  
  81  6:30  SCV  
  83  6:32  SCV  
  83  6:36  Combat Shield  
  83  6:37  Marine x3  
  86  6:42  SCV  
  86  6:45  SCV  
  88  6:55  Medivac x2  
  88  6:57  Terran Infantry Armor Level 1  
  92  7:21  Barracks x2  
  92  7:22  Barracks x3  
  92  7:23  Marine x3  
  92  7:28  Orbital Command  
  96  7:30  SCV x2  
  97  7:43  Command Center  
  97  7:48  Armory  
  95  8:04  Orbital Command  
  95  8:05  SCV x2  
  96  8:17  SCV  
  88  8:21  SCV  
  82  8:27  Barracks Reactor x5  
  82  8:29  SCV  
  82  8:33  SCV  
  84  8:42  Refinery x2, SCV  
  84  8:43  SCV  
  84  8:45  SCV, Marine  
  84  8:46  Marine x2  
  90  8:50  Thor  
  90  8:51  Medivac x2  
  90  8:53  Terran Infantry Armor Level 2, Terran Infantry Weapons Level 2  
  90  8:54  SCV  
  90  8:55  SCV, Terran Vehicle Weapons Level 1  
  102  8:57  SCV  
  103  9:06  SCV, Planetary Fortress  
  103  9:07  SCV, Marine x7  
  103  9:08  Marine  
  113  9:23  SCV x3  
  116  9:28  Marine x8, Supply Depot x2  
  116  9:29  Marine, Supply Depot  
  116  9:30  Marine  
  126  9:41  Marine x3  
  129  9:45  Marine  
  129  9:46  Marine x4, Supply Depot  
  129  9:48  Supply Depot  
  129  9:49  Supply Depot  
  129  9:52  SCV x4  
  135  10:04  SCV  
  136  10:10  Missile Turret  
  136  10:13  Missile Turret  
  136  10:17  Missile Turret x2  
  136  10:18  SCV x4  
  136  10:21  Marine x13  
  141  10:26  Thor  
  159  10:30  SCV  
  159  10:31  Command Center  
  160  10:38  Marine  
  160  10:39  Marine x2  
  164  10:42  SCV  
  164  10:43  SCV x3  
  164  10:44  Marine  
  164  10:45  Marine x9  
  164  10:47  Medivac x2  
  181  10:50  Terran Vehicle Weapons Level 2, Supply Depot  
  181  10:55  SCV  
  181  10:56  Marine  
  181  10:57  Marine  
  181  11:08  SCV x4  
  179  11:19  Missile Turret  
  179  11:20  SCV x4  
  179  11:22  Marine x13  
  179  11:25  Medivac x2  
  200  11:31  Terran Infantry Weapons Level 3, Terran Infantry Armor Level 3  
  200  11:45  Planetary Fortress  
  200  11:54  Command Center  
  200  12:07  Factory  
  200  12:08  Starport  
  200  12:10  Barracks x2  
  200  12:11  Barracks  
  200  12:12  Barracks  
  200  12:14  Barracks  
  200  12:18  Barracks  
  200  12:19  Barracks  
  200  12:20  Barracks  
  200  12:22  Barracks  
  200  12:23  Barracks x2  
  200  12:24  Barracks  
  193  12:38  Marine x7  
  193  12:39  Marine x5  
  193  12:40  Marine  
  189  12:47  Thor  
  189  12:48  Starport Reactor  
  189  12:50  Factory Tech Lab  
  169  13:07  Marine x12  
  169  13:09  Thor  
  169  13:10  Medivac x2  
  184  13:25  Barracks Tech Lab x4  
  177  13:27  Barracks Reactor x4  
  177  13:28  Barracks Reactor x2  
  177  13:30  Thor  
  177  13:31  Marine  
  177  13:32  Marine x8  
  180  13:36  Planetary Fortress  
  180  13:40  Marine x4, Medivac  
  179  13:49  Marine  
  179  13:53  Marine x11  
  179  13:55  Marauder  
  187  13:57  Thor  
  187  13:58  Marauder  
  161  14:13  Thor  
  161  14:20  SCV x4  
  161  14:22  Marine x11  
  161  14:23  Marine x3  
  178  14:31  Command Center  
  178  14:32  SCV x2  
  178  14:36  SCV  
  178  14:38  Command Center, Supply Depot x3  
  180  14:49  Marauder  
  173  14:53  Marauder  
  173  14:54  Marauder x2, Marine  
  173  14:59  Marine x9  
  189  15:43  SCV  
  189  15:44  SCV x3, Command Center  
  189  15:54  Command Center  
  189  15:55  SCV  
  189  15:56  SCV x3  
  189  16:07  SCV  
Tags
 
Add a new tag
Caveats
  • Supply blocks, unpowered buildings, or Contaminate may cause inaccurate times.
  • Supply counts are checked every 10 seconds.